 Dungeon Crawl Stone Soup version 0.29.1-1-gd02db6906a (webtiles) character file.

Game seed: 2336907332931993636

131 RascalDebosk the Magician (level 5, -3/38 HPs)
             Began as a Djinni Conjurer on Oct 17, 2022.
             Killed from afar by a dart slug (5 damage)
             ... with a slug dart
             ... on level 3 of the Dungeon.
             The game lasted 00:11:17 (2060 turns).

RascalDebosk the Magician (Djinni Conjurer)         Turns: 2060, Time: 00:11:18

Health: -3/38      AC:  5    Str:  6    XL:     5   Next: 37%
Gold:   42         EV: 12    Int: 20    God:
                   SH:  5    Dex: 13

rFire   + + .      SeeInvis .   s - +0 dagger
rCold   x . .      Faith    .   (no shield)
rNeg    . . .      Spirit   .   f - +0 robe
rPois   ∞          Reflect  +   g - +2 helmet
rElec   .          Harm     .   (no cloak)
rCorr   .          Rampage  .   (no gloves)
Will    .....                   (boots unavailable)
Stlth   ++........              c - amulet of reflection
HPRegen 0.12/turn               (no ring)
MPRegen 0.00/turn               (no ring)

@: flying
A: sickness immunity, fire resistance 2, cold vulnerability 1, float, innate
caster, HP casting, extra vitality 1
a: no special abilities


You were on level 3 of the Dungeon.
You visited 1 branch of the dungeon, and saw 3 of its levels.

You collected 70 gold pieces.
You spent 28 gold pieces at shops.

Inventory:

Hand Weapons
 s - a +0 dagger (weapon)
Armour
 f - a +0 robe (worn)
 g - a +2 helmet (worn)
Jewellery
 c - an amulet of reflection (around neck)
Scrolls
 a - a scroll of immolation {unknown}
 b - 2 scrolls of teleportation {unknown}
 e - 2 scrolls of poison {unknown}
 h - a scroll of torment {unknown}
 i - 2 scrolls of identify
 j - a scroll of enchant armour {unknown}
Potions
 d - a potion of flight {unknown}
 k - a potion of cancellation {unknown}


   Skills:
 + Level 2.0 Fighting
 + Level 2.0 Armour
 - Level 2.1 Dodging
 - Level 1.5 Stealth
 * Level 4.2 Spellcasting


You couldn't memorise any spells.
You knew the following spells:

 Your Spells              Type           Power      Damage    Failure   Level
a - Magic Dart            Conj           84%        1d7       2%          1
b - Searing Ray           Conj           42%        2d6       3%          2
c - Dazzling Flash        Conj/Hex       42%        N/A       7%          3
d - Fulminant Prism       Conj/Hex       10%        3d9       22%         4
e - Iskenderun's Mystic   Conj/Tloc      21%        2d6       22%         4
f - Sting                 Tmut/Pois      84%        1d7       2%          1
g - Poisonous Vapours     Pois/Air       42%        N/A       3%          2
Your spell library was empty.

Dungeon Overview and Level Annotations

Branches:
Dungeon (3/15)

Altars:

Shops:
D:1 *   D:2 =


Innate Abilities, Weirdness & Mutations

You are immune to sickness and miasma.
You are immune to poison.
Your flesh is very heat resistant. (rF++)
You are vulnerable to cold. (rC-)
You float through the air rather than walking.
You learn spells naturally, not from books.
Your magical power is your life essence.
You have superior vitality. (+4 MHP)


Message History

The adder hisses angrily.
You hear a shout!
Aiming: Magic Dart (safe; 2% risk of failure)
Press: ? - help, Q - select action, (/) - cycle Shift-Dir - straight line, f/p - orc
Aim: an orc, wielding a +0 mace (moderately wounded, 100% to hit)
The magic dart hits the orc!
You kill the orc!
Aiming: Magic Dart (safe; 2% risk of failure)
Press: ? - help, Q - select action, (/) - cycle Shift-Dir - straight line, f - orc wizard
Aim: an orc wizard, wielding a +0 dagger and wearing a +0 robe (100% to hit)
The magic dart hits the orc wizard but does no damage.
An orc comes into view. It is wielding a +0 club.
Aiming: Magic Dart (safe; 2% risk of failure)
Press: ? - help, Q - select action, (/) - cycle Shift-Dir - straight line, f/p - orc wizard
Aim: an orc wizard, wielding a +0 dagger and wearing a +0 robe (100% to hit)
The magic dart hits the orc wizard.
The orc wizard is lightly wounded.
* * * LOW HITPOINT WARNING * * *
Casting: Magic Dart (safe; 2% risk of failure)
Confirm with . or Enter, or press ? or * to list all spells.
The spell is extremely dangerous to miscast (24% risk of failure)!
Continue anyway?
You erupt in a blast of force!
The mystic blast hits the orc wizard.
The orc wizard is heavily wounded.
The orc wizard is knocked back by the mystic blast.
The orc wizard slams into the rock wall!
The orc wizard is almost dead.
* * * LOW HITPOINT WARNING * * *
You hear an angry hiss. x2; You hear a shout!
Casting: Iskenderun's Mystic Blast (extremely dangerous; 24% risk of failure)
Confirm with . or Enter, or press ? or * to list all spells.
The spell is extremely dangerous to miscast (24% risk of failure)!
Continue anyway?
You miscast Iskenderun's Mystic Blast.
You are very lightly contaminated with residual magic.
Nothing appears to happen.
* * * LOW HITPOINT WARNING * * *
The orc wizard hits you with a +0 dagger.
* * * LOW HITPOINT WARNING * * *
The adder misses you.
Casting: Iskenderun's Mystic Blast (extremely dangerous; 24% risk of failure)
Confirm with . or Enter, or press ? or * to list all spells.
The spell is extremely dangerous to miscast (24% risk of failure)!
Continue anyway?
You erupt in a blast of force!
The mystic blast hits the orc!
You kill the orc!
The mystic blast hits the orc wizard.
You kill the orc wizard!
The mystic blast hits the adder.
The adder is moderately wounded.
The adder is knocked back by the mystic blast.
The adder slams into the rock wall!
The adder is heavily wounded.
* * * LOW HITPOINT WARNING * * *
You have reached level 5!
The power to cast Poisonous Vapours wells up from within.
Spell assigned to 'g'.
Casting: Iskenderun's Mystic Blast (quite dangerous; 22% risk of failure)
Confirm with . or Enter, or press ? or * to list all spells.
Aiming: Searing Ray (safe; 3% risk of failure)
Press: ? - help, Shift-Dir - straight line, f - orc
Aim: an orc, wielding a +0 club (78% to hit)
The searing ray hits the adder!
You kill the adder!
The searing ray misses the orc. (Press . to maintain the ray.)
* * * LOW HITPOINT WARNING * * *
Your Fighting skill increases to level 2!
Your Armour skill increases to level 2!
The searing ray hits the orc.
The orc is heavily wounded.
* * * LOW HITPOINT WARNING * * *
A dart slug comes into view.
The orc hits you but does no damage.
Aiming: Magic Dart (safe; 2% risk of failure)
Press: ? - help, Q - select action, (/) - cycle Shift-Dir - straight line, f/p - orc
Aim: an orc, wielding a +0 club (heavily wounded, 100% to hit)
The magic dart hits the orc.
You kill the orc!
* * * LOW HITPOINT WARNING * * *
A frilled lizard comes into view.
A goblin comes into view. It is wielding a +0 dagger.
The frilled lizard hisses angrily.
Your magical contamination has completely faded away.
A ball python comes into view.
The ball python hisses angrily.
The ball python falls through a shaft!
The shaft crumbles and collapses.
An endoplasm comes into view.
The endoplasm moves out of view.
Aiming: Magic Dart (safe; 2% risk of failure)
Press: ? - help, Q - select action, (/) - cycle Shift-Dir - straight line, f - goblin
Aim: a goblin, wielding a +0 dagger (100% to hit)
The magic dart hits the goblin.
You kill the goblin!
* * * LOW HITPOINT WARNING * * *
Found a throwing net.
The endoplasm quivers.
You block the endoplasm's attack. The endoplasm attacks as you move away!
The endoplasm closely misses you.
You barely miss the endoplasm. The dart slug launches a dart at you.
The slug dart hits you.
You die...
PPPPPP....

. ............#..
#.....#........
...#..#..#..... #..
...........
#########.###.#........
#.. ..##..)...#.....# #
#.# #.#.(w##.@J.....#
####.###.#$..##.##.....#
.........#...##.##.....#
#####........##.##.....#
# #....#...#w........# #
######..$).....###..# #
#####.....# #(.. #
#.....# ##. # #######


You could see a dart slug and an endoplasm.

Vanquished Creatures
  An orc wizard (D:3)
  5 adders
  3 dart slugs
  A worm (D:2)
  5 orcs
  5 ball pythons
  An endoplasm (D:3)
  3 giant cockroaches
  5 hobgoblins
  2 jackals (D:1)
  3 quokkas (D:1)
  5 bats
  2 frilled lizards (D:1)
  6 goblins
  3 kobolds (D:1)
  2 rats
52 creatures vanquished.

Vanquished Creatures (others)
  3 plants
3 creatures vanquished.

Grand Total: 55 creatures vanquished

Notes
Turn   | Place    | Note
-------+----------+-------------------------------------------
     0 | D:1      | RascalDebosk the Djinni Conjurer began the quest for the
                  | Orb.
     0 | D:1      | RascalDebosk set off with the following spells memorised:
                  | Magic Dart, Searing Ray, Dazzling Flash, Fulminant Prism,
                  | Iskenderun's Mystic Blast.
     0 | D:1      | Reached XP level 1. HP: 15/15 MP: 0/0
   283 | D:1      | Reached XP level 2. HP: 20/22 MP: 0/0
   571 | D:1      | Found Otaiclim's General Store.
   677 | D:1      | Reached skill level 1 in Fighting
   677 | D:1      | Reached XP level 3. HP: 22/27 MP: 0/0
   677 | D:1      | Learned a level 1 spell: Sting
   713 | D:1      | Reached skill level 1 in Armour
   866 | D:1      | Bought a scroll of identify for 28 gold pieces
  1177 | D:2      | Found Toachuing's Jewellery Shoppe.
  1235 | D:2      | Reached XP level 4. HP: 29/32 MP: 0/0
  1296 | D:2      | Found a faded altar of an unknown god.
  1839 | D:3      | Reached skill level 4 in Spellcasting
  2039 | D:3      | Reached XP level 5. HP: 4/38 MP: 0/0
  2039 | D:3      | Learned a level 2 spell: Poisonous Vapours
  2060 | D:3      | Killed from afar by a dart slug

Illustrated notes

Levels and vault maps discovered:
D:1:      tarquinn_simple_flora_water_a, layout_loops_ring, serial_shops, shop,
          serial_forest, infiniplex_forest_clump_tiny, infiniplex_forest_3_way,
          infiniplex_forest_lined_corner, infiniplex_forest_clump_long,
          minmay_hedge_maze, columned_hall_lemuel
D:2:      layout_basic, dreamdust_ecumenical_altar_grove, serial_shops,
          nicolae_diamond_shop, st_stairs_2
D:3:      layout_basic, mainiacjoe_overflow_cross_hatched

Skill      XL: |  1  2  3  4  5 |
---------------+----------------+-----
Fighting       | 1 2 |  2.0
Armour         | 1 2 |  2.0
Spellcasting   | 4 |  4.2
Dodging        | |  2.1
Stealth        | |  1.5

Action                   |  1- 3 |  4- 6 || total
-------------------------+-------+-------++-------
Melee: Dagger            |     1 |     1 ||     2
 Cast: Magic Dart        |    65 |    46 ||   111
       Iskenderun's Myst |       |     2 ||     2
       Searing Ray       |       |     2 ||     2
Armor: Robe              |     2 |     2 ||     4
Dodge: Dodged            |     9 |     4 ||    13
Block: Other             |     2 |     2 ||     4
